 Dungeon Crawl Stone Soup version 0.28.0-53-g5a82cb258f (webtiles) character file.

Game seed: 17301566372683230180

271 DocClef the Firebug (level 6, -1/44 HPs)
             Began as a Gnoll Fire Elementalist on July 15, 2022.
             Slain by a centaur warrior zombie (4 damage)
             ... on level 5 of the Dungeon.
             The game lasted 00:07:36 (4629 turns).

DocClef the Firebug (Gnoll Fire Elementalist)       Turns: 4629, Time: 00:07:37

Health: -1/44      AC:  2    Str:  7    XL:     6   Next: 23%
Magic:  6/14       EV: 13    Int: 17    God:
Gold:   188        SH:  0    Dex: 12    Spells: 12/15 levels left

rFire   . . .      SeeInvis .   c - +0 club
rCold   . . .      Faith    .   (no shield)
rNeg    . . .      Spirit   .   a - +0 robe
rPois   .          Reflect  .   (no helmet)
rElec   .          Harm     .   (no cloak)
rCorr   .          Rampage  .   (no gloves)
Will    .....                   (no boots)
Stlth   +++.......              (no amulet)
HPRegen 0.14/turn               (no ring)
MPRegen 0.14/turn               (no ring)

@: no status effects
A: fangs 1, strong nose, distributed training
a: no special abilities


You were on level 5 of the Dungeon.
You visited 1 branch of the dungeon, and saw 5 of its levels.

You collected 188 gold pieces.

Inventory:

Hand Weapons
 c - a +0 club (weapon)
Armour
 a - a +0 robe (worn)
Jewellery
 o - an amulet of faith
Scrolls
 d - a scroll of identify
 e - 3 scrolls of blinking {unknown}
 g - a scroll of fog {unknown}
 i - a scroll of noise {unknown}
 j - 2 scrolls of teleportation {unknown}
 l - a scroll of immolation {unknown}
Potions
 f - a potion of brilliance
 h - a potion of might {unknown}
 k - a potion of resistance {unknown}
 m - a potion of curing {unknown}
 n - a potion of attraction {unknown}
 p - 2 potions of heal wounds {unknown}
 q - a potion of cancellation {unknown}


   Skills:
 + Level 1.8 Fighting
 + Level 1.8 Short Blades
 + Level 1.8 Long Blades
 + Level 1.8 Axes
 + Level 1.8 Maces & Flails
 + Level 1.8 Polearms
 + Level 1.8 Staves
 + Level 1.8 Slings
 + Level 1.8 Bows
 + Level 1.8 Crossbows
 + Level 1.8 Throwing
 + Level 1.8 Armour
 + Level 4.9 Dodging
 + Level 4.5 Stealth
 + Level 1.8 Shields
 + Level 1.8 Unarmed Combat
 + Level 5.3 Spellcasting
 + Level 2.6 Conjurations
 + Level 1.4 Hexes
 + Level 1.4 Summonings
 + Level 1.4 Necromancy
 + Level 1.4 Translocations
 + Level 1.4 Transmutations
 + Level 5.6 Fire Magic
 + Level 1.4 Ice Magic
 + Level 1.4 Air Magic
 + Level 1.4 Earth Magic
 + Level 1.4 Poison Magic
 + Level 2.0 Invocations
 + Level 1.8 Evocations


You had 12 spell levels left.
You knew the following spells:

 Your Spells              Type           Power      Damage    Failure   Level
a - Foxfire               Conj/Fire      72%        2x1d7     2%          1
b - Blink                 Tloc           18%        N/A       12%         2

Your spell library contained the following spells:

 Spells                   Type           Power      Damage    Failure   Level
 Scorch                   Fire           46%        2d7       1%          2
 Conjure Flame            Conj/Fire      18%        6-21      8%          3
 Inner Flame              Hex/Fire       16%        N/A       10%         3
 Flame Wave               Conj/Fire      18%        2d6       26%         4
 Manifold Assault         Tloc           9%         N/A       91%         5
 Storm Form               Tmut/Air       4%         N/A       100%        7


Dungeon Overview and Level Annotations

Branches:
Dungeon (5/15)
 Temple: D:4-7

Altars:

Annotations:
D:3 Pikel
D:4 Sigmund


Innate Abilities, Weirdness & Mutations

You have very sharp teeth.
Your uncanny sense of smell can sniff out nearby items.
Your experience applies equally to all skills.


Message History

The centaur warrior zombie is moderately damaged.
You conjure some foxfire!
The foxfire hits the centaur warrior zombie.
The centaur warrior zombie is moderately damaged.
The foxfire hits the centaur warrior zombie.
The centaur warrior zombie is moderately damaged.
The centaur warrior zombie hits you! The centaur warrior zombie misses you.
You conjure some foxfire!
The foxfire hits the centaur warrior zombie.
The centaur warrior zombie is heavily damaged.
The foxfire hits the centaur warrior zombie.
The centaur warrior zombie is heavily damaged.
The centaur warrior zombie hits you! The centaur warrior zombie kicks you.
The centaur warrior zombie hits you.
The centaur warrior zombie barely misses you.
You are too injured to fight recklessly!
You are too injured to fight recklessly!
Unknown command.
You are too injured to fight recklessly!
You are too injured to fight recklessly!
You hit the centaur warrior zombie.
You bite the centaur warrior zombie, but do no damage.
The centaur warrior zombie is heavily damaged.
The foxfire hits the centaur warrior zombie.
The centaur warrior zombie is heavily damaged.
The foxfire hits the centaur warrior zombie.
The centaur warrior zombie is heavily damaged.
The centaur warrior zombie hits you!
* * * LOW HITPOINT WARNING * * *
The centaur warrior zombie kicks you.
* * * LOW HITPOINT WARNING * * *
Casting: Foxfire (safe; 2% risk of failure)
Confirm with . or Enter, or press ? or * to list all spells.
You conjure some foxfire!
The centaur warrior zombie completely misses you.
The centaur warrior zombie closely misses you.
The centaur warrior zombie hits you!
* * * LOW HITPOINT WARNING * * *
The centaur warrior zombie kicks you.
You die...

..( ..$...) #.#
....... #.# .......
#.# ....... #.#
......#
#.###...#..#
####.##Zv......
#.|....@!......
#.##.##v###.###
#<##.##...
#....##........ ∆
#......#####.#.#..#
......... #.#.. ..
##....... (.##.. .
.......### ### ...
###....


You could see a centaur warrior zombie (ally target).

Vanquished Creatures
  A necrophage (D:4)
  A lemure (D:4)
  A hound (D:4)
  A jelly (D:4)
  A centaur skeleton (D:4)
  An orc priest (D:3)
  2 adders (D:3)
  A worm (D:3)
  2 orcs (D:3)
  5 endoplasms
  5 goblins
  5 hobgoblins
  2 jackals (D:3)
  2 quokkas
  5 ball pythons
  3 bats
  5 frilled lizards
  3 kobolds
  4 rats
50 creatures vanquished.

Vanquished Creatures (others)
  323 foxfires
323 creatures vanquished.

Grand Total: 373 creatures vanquished

Notes
Turn   | Place    | Note
-------+----------+-------------------------------------------
     0 | D:1      | DocClef the Gnoll Fire Elementalist began the quest for the
                  | Orb.
     0 | D:1      | Reached XP level 1. HP: 13/13 MP: 6/6
   255 | D:1      | Reached XP level 2. HP: 19/19 MP: 3/7
   919 | D:1      | Found a faded altar of an unknown god.
  1524 | D:2      | Reached XP level 3. HP: 25/25 MP: 2/9
  1989 | D:3      | Reached skill level 5 in Spellcasting
  2189 | D:3      | Reached skill level 1 in Invocations
  2192 | D:3      | Reached skill level 1 in Fighting
  2192 | D:3      | Reached skill level 1 in Short Blades
  2192 | D:3      | Reached skill level 1 in Long Blades
  2192 | D:3      | Reached skill level 1 in Axes
  2192 | D:3      | Reached skill level 1 in Maces & Flails
  2192 | D:3      | Reached skill level 1 in Polearms
  2192 | D:3      | Reached skill level 1 in Staves
  2192 | D:3      | Reached skill level 1 in Slings
  2192 | D:3      | Reached skill level 1 in Bows
  2192 | D:3      | Reached skill level 1 in Crossbows
  2192 | D:3      | Reached skill level 1 in Throwing
  2192 | D:3      | Reached skill level 1 in Armour
  2192 | D:3      | Reached skill level 1 in Shields
  2192 | D:3      | Reached skill level 1 in Unarmed Combat
  2192 | D:3      | Reached skill level 1 in Evocations
  2192 | D:3      | Reached XP level 4. HP: 16/32 MP: 3/11
  2857 | D:3      | Reached skill level 1 in Hexes
  2857 | D:3      | Reached skill level 1 in Summonings
  2857 | D:3      | Reached skill level 1 in Necromancy
  2857 | D:3      | Reached skill level 1 in Translocations
  2857 | D:3      | Reached skill level 1 in Transmutations
  2857 | D:3      | Reached skill level 1 in Ice Magic
  2857 | D:3      | Reached skill level 1 in Air Magic
  2857 | D:3      | Reached skill level 1 in Earth Magic
  2857 | D:3      | Reached skill level 1 in Poison Magic
  3159 | D:3      | Learned a level 2 spell: Blink
  3295 | D:4      | Noticed a lemure
  3298 | D:4      | Noticed Pikel
  3302 | D:4      | Killed a lemure
  3304 | D:4      | Noticed a lemure
  3345 | D:4      | Noticed a lemure
  3564 | D:4      | Reached XP level 5. HP: 30/37 MP: 5/12
  3854 | D:4      | Noticed Sigmund
  3986 | D:4      | Noticed a necrophage
  4009 | D:4      | Killed a necrophage
  4010 | D:4      | Reached XP level 6. HP: 28/44 MP: 7/14
  4553 | D:5      | Entered Level 5 of the Dungeon
  4629 | D:5      | Slain by a centaur warrior zombie

Illustrated notes

Levels and vault maps discovered:
D:1:      roderic_octagonal_star, layout_loops_ring, basic_ecumenical_altar
D:2:      layout_basic
D:3:      layout_basic
D:4:      layout_basic, uniq_pikel, uniq_sigmund, uniq_menkaure
D:5:      layout_loops_cross, nicolae_overflow_hidden_temple, temple_statues,
          serial_shops, kennysheep_mini_moat, gammafunk_ghost_arena

Skill      XL: |  1  2  3  4  5 |
---------------+----------------+-----
Conjurations   | 2 |  2.6
Spellcasting   | 5 |  5.3
Invocations    | 1 2 |  2.0
Fighting       | 1 |  1.8
Short Blades   | 1 |  1.8
Long Blades    | 1 |  1.8
Axes           | 1 |  1.8
Maces & Flails | 1 |  1.8
Polearms       | 1 |  1.8
Staves         | 1 |  1.8
Slings         | 1 |  1.8
Bows           | 1 |  1.8
Crossbows      | 1 |  1.8
Throwing       | 1 |  1.8
Armour         | 1 |  1.8
Shields        | 1 |  1.8
Unarmed Combat | 1 |  1.8
Evocations     | 1 |  1.8
Hexes          | 1 |  1.4
Summonings     | 1 |  1.4
Necromancy     | 1 |  1.4
Translocations | 1 |  1.4
Transmutations | 1 |  1.4
Ice Magic      | 1 |  1.4
Air Magic      | 1 |  1.4
Earth Magic    | 1 |  1.4
Poison Magic   | 1 |  1.4
Dodging        | |  4.9
Stealth        | |  4.5
Fire Magic     | |  5.6

Action                   |  1- 3 |  4- 6 || total
-------------------------+-------+-------++-------
Melee: Club              |       |    12 ||    12
       Bite              |       |     1 ||     1
 Cast: Foxfire           |   102 |   107 ||   209
       Blink             |       |     3 ||     3
  Use: Scroll            |       |     2 ||     2
Armor: Robe              |     1 |     6 ||     7
Dodge: Dodged            |     9 |    31 ||    40
